Map: Ruins of Seras

Players

Soundwave

  • Race: Zerg Zerg
  • League: Gold

A.I. 1 (Very Hard) - Winner!

  • Race: Terran Terran

VOD

Have the link to the VOD?

Description

Time

  • Played on: Nov. 18, 2015, 4:14 a.m.
  • Length: 9:48
Show
View Real Time Build Order
Export as new Build Order

Soundwave Zerg 

Build Orders: Hatch First 

Get SALT Encoding   

  12  0:02  Drone  
  13  0:09  Drone  
  14  0:18  Drone, Extractor  
  15  0:42  Hatchery  
  14  0:49  Extractor  
  13  0:52  Drone x2, Extractor  
  16  1:06  Spawning Pool  
  15  1:12  Overlord  
  15  1:32  Extractor  
  14  1:33  Drone x3  
  17  1:44  Drone  
  18  1:55  Overlord  
  18  1:56  Overlord  
  18  2:01  Queen  
  18  2:06  Queen  
  22  2:14  Drone  
  22  2:15  Drone  
  24  2:18  Drone  
  24  2:21  Drone  
  26  2:31  Zergling x2  
  27  2:54  Extractor  
  27  2:56  Drone x3  
  27  2:58  Lair  
  29  3:04  Roach Warren  
  28  3:10  Drone  
  29  3:13  Drone  
  29  3:14  Drone x2  
  32  3:22  Drone x5  
  37  3:27  Metabolic Boost  
  36  3:43  Spine Crawler  
  36  3:44  Spine Crawler  
  36  3:45  Drone x2  
  36  3:46  Drone  
  37  3:53  Queen  
  39  3:57  Drone  
  39  3:58  Drone  
  41  4:05  Drone x3  
  44  4:18  Overlord  
  44  4:19  Overlord x2  
  44  4:29  Spire  
  43  4:39  Extractor  
  43  4:40  Extractor  
  41  4:46  Drone  
  41  4:47  Drone  
  43  5:00  Glial Reconstitution  
  43  5:05  Hatchery, Roach  
  43  5:06  Roach x5  
  54  5:17  Overseer  
  54  5:22  Drone x2  
  54  5:23  Drone, Infestation Pit  
  56  5:30  Ravager  
  56  5:34  Ravager  
  58  5:48  Drone x2  
  58  5:49  Drone  
  61  5:50  Drone x2  
  61  5:51  Drone  
  61  5:52  Overlord x2  
  61  5:53  Overlord x2  
  61  5:56  Overseer  
  64  6:18  Mutalisk x2  
  68  6:40  Drone  
  68  6:41  Drone x7  
  68  6:42  Drone x3  
  79  6:51  Mutalisk x2  
  79  6:52  Mutalisk x2  
  87  7:17  Mutalisk  
  87  7:18  Mutalisk x2  
  93  7:23  Zergling x2  
  93  7:24  Zergling x14  
  93  7:25  Zergling x2  
  102  7:31  Drone x2, Extractor  
  102  7:32  Drone x3  
  102  7:33  Overlord, Extractor  
  102  7:36  Overseer  
  105  7:51  Drone  
  105  7:52  Drone x2  
  105  7:57  Drone x3  
  111  7:58  Drone  
  111  7:59  Drone  
  113  8:07  Evolution Chamber  
  113  8:09  Evolution Chamber  
  113  8:11  Hive  
  111  8:20  Mutalisk  
  111  8:25  Overlord x4  
  111  8:26  Overlord x2  
  113  8:42  Extractor  
  113  8:43  Hatchery  
  113  8:45  Extractor  
  87  8:51  Zergling x8  
  87  8:52  Zergling x10  
  69  9:10  Mutalisk  
  69  9:11  Mutalisk x7  
Show
View Real Time Build Order
Export as new Build Order

A.I. 1 (Very Hard) Terran - Winner!

Build Orders: Bio Tank, MMM Bio 

Get SALT Encoding   

  12  0:00  SCV  
  13  0:13  SCV  
  14  0:20  Supply Depot  
  14  0:25  SCV  
  15  0:41  SCV  
  16  0:43  Barracks  
  16  0:53  SCV  
  17  1:06  SCV  
  18  1:17  Supply Depot  
  18  1:18  SCV  
  19  1:22  Refinery  
  19  1:29  Marine  
  19  1:30  SCV  
  21  1:42  SCV  
  22  1:47  Marine  
  22  1:52  Barracks  
  23  1:54  SCV  
  23  1:57  Refinery  
  24  2:05  Marine  
  24  2:06  Supply Depot, Orbital Command  
  25  2:23  Marine  
  26  2:31  SCV  
  27  2:41  Marine  
  27  2:44  SCV  
  29  2:46  Command Center  
  29  3:04  SCV  
  29  3:05  Factory  
  30  3:08  Marine  
  30  3:10  Marine  
  32  3:16  SCV  
  33  3:26  Marine  
  34  3:27  Marine  
  34  3:28  SCV  
  36  3:38  Barracks  
  36  3:40  SCV  
  37  3:44  Barracks Tech Lab  
  37  3:46  Barracks Tech Lab  
  37  3:52  SCV  
  38  3:57  Starport, Orbital Command  
  38  3:58  Factory Tech Lab  
  38  4:04  SCV  
  39  4:11  Marine  
  39  4:12  Marine  
  39  4:16  SCV  
  42  4:18  Stimpack  
  42  4:23  SCV, Combat Shields  
  43  4:29  SCV, Supply Depot  
  44  4:35  SCV  
  45  4:40  Marine  
  45  4:41  SCV, Marine  
  45  4:44  Marine  
  49  4:47  SCV  
  50  4:53  SCV  
  50  4:54  Supply Depot, Medivac  
  50  4:59  SCV  
  54  5:03  Marauder  
  54  5:05  SCV  
  57  5:08  Marauder  
  57  5:11  SCV  
  60  5:17  SCV  
  61  5:21  Supply Depot  
  61  5:24  Marauder  
  63  5:29  Marauder  
  63  5:34  Barracks Reactor, Siege Tank  
  68  5:37  Engineering Bay  
  68  5:44  Command Center  
  68  5:46  Marauder  
  70  6:00  Supply Depot  
  70  6:02  Marauder  
  70  6:03  Terran Infantry Weapons Level 1  
  72  6:07  Marauder  
  77  6:18  Siege Tank  
  77  6:23  Supply Depot  
  77  6:24  Marauder  
  79  6:29  Marauder  
  81  6:34  Concussive Shells  
  81  6:45  Engineering Bay, Marauder  
  81  6:46  Supply Depot  
  83  6:50  Siege Tank  
  83  6:52  Barracks  
  86  7:08  Refinery  
  86  7:11  Terran Infantry Armor Level 1  
  86  7:12  Orbital Command  
  86  7:15  Missile Turret  
  86  7:20  Missile Turret, Starport Reactor  
  89  7:22  Siege Tank  
  89  7:24  Marine  
  89  7:25  Marine  
  91  7:32  Refinery  
  91  7:39  Marauder  
  91  7:43  Marauder  
  95  7:47  Missile Turret  
  95  7:54  SCV  
  95  7:55  SCV x2  
  95  7:56  Medivac  
  95  7:58  Siege Tank  
  103  8:04  Command Center  
  103  8:18  Supply Depot  
  103  8:23  Missile Turret  
  103  8:30  Siege Tank  
  103  8:31  Armory  
  106  8:47  Supply Depot  
  106  9:00  Armory  
  106  9:01  Widow Mine  
  108  9:03  Missile Turret  
  99  9:19  Refinery  
  99  9:20  SCV  
  99  9:23  SCV  
  101  9:25  SCV  
  101  9:28  SCV  
  105  9:32  SCV  
  105  9:35  SCV  
Tags
 
Composition
Bio TankMMM Bio
League
Gold
Matchup
TvZ
Replay Pack
First Pack
Add a new tag
Caveats
  • Supply blocks, unpowered buildings, or Contaminate may cause inaccurate times.
  • Supply counts are checked every 10 seconds.